TOP OF THE 1ST |
University of Virginia Cavaliers batting - Pitching for California State University at Fullerton Titans : RHP Alex Valdez
|
Pitching: RHP Alex Valdez
|
|
Batting: RHB Alex Ruschin
|
0-0: Ground out 5-3 (Groundball, 56, EV 90.6 MPH)
|
Batting: LHB Edelberto Barbas
|
0-0: Ball 1-0: Foul Ball, location: 2F 1-1: Ball 2-1: Ball 3-1: Fly out, F9 (Flyball, 9D, EV 105.6 MPH)
|
Batting: LHB Josh Glass
|
0-0: Ball 1-0: Called Strike 1-1: Ball 2-1: DOUBLE (Line Drive, 78D, EV 106.2 MPH)
|
Batting: RHB Jose Velez
|
0-0: Foul Ball, location: 2F 0-1: Ball 1-1: SINGLE (Groundball, 56S, EV 67.5 MPH) (infield hit) Josh Glass to third
|
Batting: RHB Mike Llamas
|
0-0: Ball 1-0: Ball 2-0: Ball 3-0: Called Strike 3-1: Foul Ball, location: 2F 3-2: Strikes out swinging
|
Top of the 1st over - 0 runs, 2 hits, 0 errors, 2 left on base; University of Virginia 0 - California State University at Fullerton 0 |
BOTTOM OF THE 1ST |
California State University at Fullerton Titans batting - Pitching for University of Virginia Cavaliers : LHP Jerry Trevizo
|
Pitching: LHP Jerry Trevizo
|
|
Batting: LHB Mike Fernandez
|
0-0: Ball 1-0: Ground out 2-3 (Groundball, 2L, EV 71.9 MPH)
|
Batting: RHB Simon Sultzbach
|
0-0: Foul Ball, location: 2F 0-1: Ball 1-1: Called Strike 1-2: Fly out, F9 (Flyball, 9LM, EV 86.2 MPH)
|
Batting: RHB Jamie Blankenship
|
0-0: Called Strike 0-1: Swinging Strike 0-2: Strikes out swinging
|
Bottom of the 1st over - 0 runs, 0 hits, 0 errors, 0 left on base; University of Virginia 0 - California State University at Fullerton 0 |
TOP OF THE 2ND |
University of Virginia Cavaliers batting - Pitching for California State University at Fullerton Titans : RHP Alex Valdez
|
Batting: RHB Jason Lambert
|
0-0: Ball 1-0: Foul Ball, location: 2F 1-1: Swinging Strike 1-2: Strikes out swinging
|
Batting: RHB Nick Cech
|
0-0: Called Strike 0-1: Ground out 4-3 (Groundball, 4, EV 81.2 MPH)
|
Batting: RHB Scott Anderson
|
0-0: Foul Ball, location: 2F 0-1: SINGLE (Line Drive, 6D, EV 94.4 MPH)
|
Batting: LHB Eustachio Bontempi
|
0-0: Called Strike 0-1: Ground out 4-3 (Groundball, 4, EV 88.1 MPH)
|
Top of the 2nd over - 0 runs, 1 hit, 0 errors, 1 left on base; University of Virginia 0 - California State University at Fullerton 0 |
BOTTOM OF THE 2ND |
California State University at Fullerton Titans batting - Pitching for University of Virginia Cavaliers : LHP Jerry Trevizo
|
Batting: SHB Jonathan Jacob
|
0-0: Foul Ball, location: 2F 0-1: Foul Ball, location: 2F 0-2: SINGLE (Groundball, 34D, EV 94.4 MPH)
|
Batting: LHB Jeremy May
|
0-0: Ball 1-0: Called Strike 1-1: Ball 2-1: Called Strike 2-2: Ball 3-2: Foul Ball, location: 2F 3-2: Foul Ball, location: 2F 3-2: Foul Ball, location: 2F 3-2: Foul Ball, location: 2F 3-2: Fielders Choice at 2nd, 3-6 (Groundball, 3, EV 77.5 MPH)
|
Batting: LHB Kris Zimbalist
|
0-0: Called Strike 0-1: Ball 1-1: Foul Ball, location: 2F 1-2: Foul Ball, location: 2F 1-2: Ball 2-2: Strikes out looking
|
Batting: SHB John Loechel
|
0-0: Called Strike 0-1: Foul Ball, location: 2F 0-2: Ball 1-2: Fielders Choice at 2nd, 6-4 (Groundball, 6, EV 84.4 MPH)
|
Bottom of the 2nd over - 0 runs, 1 hit, 0 errors, 1 left on base; University of Virginia 0 - California State University at Fullerton 0 |
TOP OF THE 3RD |
University of Virginia Cavaliers batting - Pitching for California State University at Fullerton Titans : RHP Alex Valdez
|
Batting: RHB Alex Ruschin
|
0-0: Fly out, F8 (Flyball, 8RD, EV 94.4 MPH)
|
Batting: LHB Edelberto Barbas
|
0-0: Ball 1-0: Called Strike 1-1: Foul Ball, location: 2F 1-2: Strikes out swinging
|
Batting: LHB Josh Glass
|
0-0: Foul Ball, location: 2F 0-1: Called Strike 0-2: Ball 1-2: Ball 2-2: Ball 3-2: Foul Ball, location: 2F 3-2: SINGLE (Line Drive, 7S, EV 90.6 MPH)
|
Batting: RHB Jose Velez
|
0-0: Ball 1-0: Called Strike 1-1: Ball 2-1: Fielders Choice at 2nd, 5-4 (Groundball, 56, EV 84.4 MPH)
|
Top of the 3rd over - 0 runs, 1 hit, 0 errors, 1 left on base; University of Virginia 0 - California State University at Fullerton 0 |
BOTTOM OF THE 3RD |
California State University at Fullerton Titans batting - Pitching for University of Virginia Cavaliers : LHP Jerry Trevizo
|
Batting: RHB Felipe Lara
|
0-0: Ball 1-0: Called Strike 1-1: Foul Ball, location: 2F 1-2: Strikes out swinging
|
Batting: LHB Yong-chul Ou
|
0-0: Ball 1-0: SINGLE (Groundball, 3D, EV 97.5 MPH)
|
Batting: LHB Mike Fernandez
|
0-0: Called Strike 0-1: Ball 1-1: Foul Ball, location: 2F 1-2: Strikes out swinging
|
Batting: RHB Simon Sultzbach
|
0-0: Called Strike 0-1: Foul Ball, location: 2F 0-2: Ball 1-2: Ball 2-2: Fly out, F7 (Flyball, 78M, EV 81.9 MPH)
|
Bottom of the 3rd over - 0 runs, 1 hit, 0 errors, 1 left on base; University of Virginia 0 - California State University at Fullerton 0 |
TOP OF THE 4TH |
University of Virginia Cavaliers batting - Pitching for California State University at Fullerton Titans : RHP Alex Valdez
|
Batting: RHB Mike Llamas
|
0-0: SINGLE (Groundball, 4MD, EV 97.5 MPH)
|
Batting: RHB Jason Lambert
|
0-0: Called Strike 0-1: Foul Ball, location: 2F 0-2: Ball 1-2: SINGLE (Line Drive, 56D, EV 95.0 MPH) Mike Llamas to second
|
Batting: RHB Nick Cech
|
0-0: DOUBLE (Groundball, 5L, EV 102.5 MPH) Mike Llamas scores Jason Lambert to third
|
Batting: RHB Scott Anderson
|
0-0: Ground out 5-3 (Groundball, 5, EV 80.6 MPH)
|
Batting: LHB Eustachio Bontempi
|
0-0: Called Strike 0-1: Foul Ball, location: 2F 0-2: Foul Ball, location: 2F 0-2: SINGLE (Groundball, 34, EV 98.1 MPH) Jason Lambert scores Nick Cech to third
|
Batting: RHB Alex Ruschin
|
0-0: Called Strike 0-1: Swinging Strike 0-2: Ball 1-2: Foul Ball, location: 2F 1-2: Ball 2-2: Ball 3-2: Fielders Choice at 2nd, 4-6 (Groundball, 4, EV 91.2 MPH) Nick Cech scores
|
Batting: LHB Edelberto Barbas
|
0-0: Ball Alex Ruschin is caught stealing 2nd base 2-6
|
Top of the 4th over - 3 runs, 4 hits, 0 errors, 0 left on base; University of Virginia 3 - California State University at Fullerton 0 |
BOTTOM OF THE 4TH |
California State University at Fullerton Titans batting - Pitching for University of Virginia Cavaliers : LHP Jerry Trevizo
|
Batting: RHB Jamie Blankenship
|
0-0: Foul Ball, location: 2F 0-1: Foul Ball, location: 2F 0-2: Ball 1-2: Hit by Pitch
|
Batting: SHB Jonathan Jacob
|
0-0: Ball 1-0: Ball 2-0: Called Strike 2-1: SINGLE (Groundball, 56, EV 104.4 MPH) Jamie Blankenship to second
|
Batting: LHB Jeremy May
|
0-0: Fielders Choice at 2nd, 4-6 (Groundball, 34, EV 106.9 MPH) Jamie Blankenship to third
|
Batting: LHB Kris Zimbalist
|
0-0: Fly out, F8 (Flyball, 78D, EV 86.2 MPH) Runner from 3rd tags up, SCORES, throw by CF
|
Batting: SHB John Loechel
|
0-0: Called Strike 0-1: Ball 1-1: Foul Ball, location: 2F 1-2: Ground out 5-3 (Groundball, 56S, EV 85.6 MPH)
|
Bottom of the 4th over - 1 run, 1 hit, 0 errors, 1 left on base; University of Virginia 3 - California State University at Fullerton 1 |
TOP OF THE 5TH |
University of Virginia Cavaliers batting - Pitching for California State University at Fullerton Titans : RHP Alex Valdez
|
Pitching: LHP Hugo Alba
|
|
Now at C: Jim Cahan
|
|
Now at 3B: Jeremy Evans
|
|
Now in RF: Steve Lane
|
|
Pinch Hitting: RHB Matt Morales
|
0-0: Swinging Strike 0-1: Ball 1-1: Ball 2-1: Ball 3-1: Base on Balls
|
Batting: LHB Josh Glass
|
0-0: Ball 1-0: Foul Ball, location: 2F 1-1: Ball 2-1: Ball 3-1: Base on Balls Matt Morales to second
|
Pinch Hitting: SHB Ethan Lewis
|
0-0: Called Strike 0-1: Swinging Strike 0-2: Strikes out swinging
|
Batting: RHB Mike Llamas
|
0-0: Called Strike 0-1: Ball 1-1: Called Strike 1-2: Foul Ball, location: 2F 1-2: SINGLE (Groundball, 4MD, EV 101.9 MPH) Matt Morales to third Josh Glass to second Runner from 3rd tries for Home, SAFE, throw by CF to home
|
Pinch Hitting: SHB Mink Hendriks
|
0-0: Called Strike 0-1: Swinging Strike 0-2: Strikes out looking
|
Pinch Hitting: RHB Allen McCaskill
|
0-0: Foul Ball, location: 2F 0-1: Ball 1-1: Swinging Strike 1-2: Strikes out looking
|
Top of the 5th over - 1 run, 1 hit, 0 errors, 2 left on base; University of Virginia 4 - California State University at Fullerton 1 |
BOTTOM OF THE 5TH |
California State University at Fullerton Titans batting - Pitching for University of Virginia Cavaliers : LHP Jerry Trevizo
|
Pitching: RHP Salvo Botticelli
|
|
Now at 1B: Alex Aguilar
|
|
Now at 3B: Maurice McDonald
|
|
Now at SS: Ray Nichter
|
|
Now in LF: Matt Morales
|
|
Now in CF: Luke Bertrand
|
|
Now in RF: Toshiro Ishiguro
|
|
Batting: RHB Felipe Lara
|
0-0: Ball 1-0: Ball 2-0: Foul Ball, location: 2F 2-1: Foul Ball, location: 2F 2-2: Ball 3-2: Foul Ball, location: 2F 3-2: Foul Ball, location: 2F 3-2: Ground out 6-3 (Groundball, 6, EV 105.0 MPH)
|
Batting: LHB Yong-chul Ou
|
0-0: Ball 1-0: Fly out, F7 (Line Drive, 78D, EV 101.2 MPH)
|
Batting: LHB Steve Lane
|
0-0: Ball 1-0: Called Strike 1-1: Ball 2-1: Foul Ball, location: 2F 2-2: Strikes out swinging
|
Bottom of the 5th over - 0 runs, 0 hits, 0 errors, 0 left on base; University of Virginia 4 - California State University at Fullerton 1 |
TOP OF THE 6TH |
University of Virginia Cavaliers batting - Pitching for California State University at Fullerton Titans : LHP Hugo Alba
|
Batting: RHB Rob Coble
|
0-0: Called Strike 0-1: Foul Ball, location: 2F 0-2: Ball 1-2: Ball 2-2: Reached on error, E5 (Groundball, 5S, EV 82.5 MPH)
|
Batting: LHB Alex Aguilar
|
0-0: Ball 1-0: Ball 2-0: 2-RUN HOME RUN (Flyball, 89XD, EV 106.2 MPH), Distance : 427 ft
|
Batting: RHB Luke Bertrand
|
0-0: Fly out, F7 (Flyball, 7, EV 91.9 MPH)
|
Batting: RHB Matt Morales
|
0-0: Ball 1-0: SINGLE (Groundball, P, EV 88.8 MPH) (infield hit)
|
Batting: LHB Josh Glass
|
0-0: Ball 1-0: Foul Ball, location: 2F 1-1: Ball 2-1: Ball 3-1: Foul Ball, location: 2F 3-2: Fly out, F7 (Flyball, 78S, EV 96.9 MPH)
|
Batting: LHB Ray Nichter
|
0-0: Called Strike 0-1: Ball 1-1: Ball 2-1: SINGLE (Groundball, 56D, EV 98.1 MPH) Matt Morales to second
|
Pinch Hitting: RHB Pedro Lopez
|
0-0: Ball 1-0: Ball 2-0: Foul Ball, location: 2F 2-1: Foul Ball, location: 2F 2-2: SINGLE (Flyball, 89S, EV 86.2 MPH) Matt Morales to third Ray Nichter to second Runner from 3rd tries for Home, throw by RF and OUT! 9-2
|
Top of the 6th over - 2 runs, 4 hits, 1 error, 2 left on base; University of Virginia 6 - California State University at Fullerton 1 |
BOTTOM OF THE 6TH |
California State University at Fullerton Titans batting - Pitching for University of Virginia Cavaliers : RHP Salvo Botticelli
|
Pitching: LHP Bill Cenci
|
|
Now at C: Josh Doan
|
|
Now at 2B: Jason Thresher
|
|
Batting: RHB Justin Thomas
|
0-0: Hit by Pitch
|
Batting: RHB Jim Cahan
|
0-0: Grounds into double play, 4-6-3 (Groundball, 4, EV 103.8 MPH)
|
Pinch Hitting: RHB Sergio Cervantes
|
0-0: Ball 1-0: Fly out, F8 (Flyball, 8LS, EV 88.1 MPH)
|
Bottom of the 6th over - 0 runs, 0 hits, 0 errors, 0 left on base; University of Virginia 6 - California State University at Fullerton 1 |
TOP OF THE 7TH |
University of Virginia Cavaliers batting - Pitching for California State University at Fullerton Titans : LHP Hugo Alba
|
Pitching: LHP Robert Rodriguez
|
|
Now at 2B: Felipe Lara
|
|
Now at SS: Sergio Cervantes
|
|
Batting: RHB Maurice McDonald
|
0-0: Called Strike 0-1: Swinging Strike 0-2: Reached on error, E3 (Groundball, 34S, EV 90.0 MPH)
|
Batting: LHB Toshiro Ishiguro
|
0-0: Ball 1-0: Ball 2-0: Ball 3-0: Called Strike 3-1: Base on Balls Maurice McDonald to second
|
Batting: RHB Rob Coble
|
0-0: Called Strike 0-1: Foul Ball, location: 2F 0-2: Foul Ball, location: 2F 0-2: Foul Ball, location: 2F 0-2: Ball 1-2: Ball 2-2: 3-RUN HOME RUN (Flyball, 7LD, EV 98.8 MPH), Distance : 357 ft
|
Pinch Hitting: LHB Juan Castillo
|
0-0: Ball 1-0: SINGLE (Groundball, 34D, EV 98.1 MPH)
|
Batting: RHB Luke Bertrand
|
0-0: Ball 1-0: Ball 2-0: Ball 3-0: Called Strike 3-1: Foul Ball, location: 2F 3-2: Fly out, F4 (Popup, 34D, EV 63.1 MPH)
|
Pinch Hitting: RHB Billy Wells
|
0-0: Ball 1-0: Grounds into double play, 4-6-3 (Groundball, 4S, EV 84.4 MPH)
|
Top of the 7th over - 3 runs, 2 hits, 1 error, 0 left on base; University of Virginia 9 - California State University at Fullerton 1 |
BOTTOM OF THE 7TH |
California State University at Fullerton Titans batting - Pitching for University of Virginia Cavaliers : LHP Bill Cenci
|
Now at 1B: Tony Montoya
|
|
Now in LF: Billy Wells
|
|
Pinch Hitting: LHB Jim Snell
|
0-0: SINGLE (Groundball, 34D, EV 101.2 MPH)
|
Pinch Hitting: RHB Alex Freyre
|
0-0: Ball Jim Snell steals 2nd base (no throw) 1-0: Ground out 6-3 (Groundball, 6, EV 107.5 MPH)
|
Batting: RHB Jeremy Evans
|
0-0: Ball 1-0: Called Strike 1-1: Ground out 6-3 (Groundball, 6, EV 96.2 MPH)
|
Pinch Hitting: RHB Alex Rivas
|
0-0: Called Strike 0-1: Ball 1-1: Ground out 6-3 (Groundball, 6S, EV 81.2 MPH)
|
Bottom of the 7th over - 0 runs, 1 hit, 0 errors, 1 left on base; University of Virginia 9 - California State University at Fullerton 1 |
TOP OF THE 8TH |
University of Virginia Cavaliers batting - Pitching for California State University at Fullerton Titans : LHP Robert Rodriguez
|
Now at 2B: Alex Rivas
|
|
Now in LF: Jim Snell
|
|
Now in CF: Alex Freyre
|
|
Batting: RHB Jason Thresher
|
0-0: Foul Ball, location: 2F 0-1: Ball 1-1: Ball 2-1: Foul Ball, location: 2F 2-2: Fly out, F8 (Line Drive, 8RM, EV 98.1 MPH)
|
Pitching: RHP John Woods
|
|
Batting: LHB Ray Nichter
|
0-0: Ball 1-0: Fly out, F5 (Popup, 5, EV 75.6 MPH)
|
Batting: LHB Josh Doan
|
0-0: Ball 1-0: Ball 2-0: Foul Ball, location: 2F 2-1: Swinging Strike 2-2: Strikes out looking
|
Top of the 8th over - 0 runs, 0 hits, 0 errors, 0 left on base; University of Virginia 9 - California State University at Fullerton 1 |
BOTTOM OF THE 8TH |
California State University at Fullerton Titans batting - Pitching for University of Virginia Cavaliers : LHP Bill Cenci
|
Pitching: RHP Tzu-jao Chen
|
|
Pinch Hitting: RHB Mark Marchi
|
0-0: Ball 1-0: Ball 2-0: Ground out 5-3 (Groundball, 5L, EV 99.4 MPH)
|
Batting: LHB Steve Lane
|
0-0: Foul Ball, location: 2F 0-1: Foul Ball, location: 2F 0-2: Ball 1-2: Foul Ball, location: 2F 1-2: Ball 2-2: Strikes out swinging
|
Batting: RHB Justin Thomas
|
0-0: Ball 1-0: Ball 2-0: Ground out 3-1 (Groundball, 34, EV 110.0 MPH)
|
Bottom of the 8th over - 0 runs, 0 hits, 0 errors, 0 left on base; University of Virginia 9 - California State University at Fullerton 1 |
TOP OF THE 9TH |
University of Virginia Cavaliers batting - Pitching for California State University at Fullerton Titans : RHP John Woods
|
Now at 1B: Mark Marchi
|
|
Pinch Hitting: LHB Jason Chase
|
0-0: Foul Ball, location: 2F 0-1: Ball 1-1: Called Strike 1-2: Strikes out swinging
|
Pinch Hitting: RHB Rob Price
|
0-0: Called Strike 0-1: Called Strike 0-2: Strikes out swinging
|
Batting: RHB Leo Baxter
|
0-0: Ball 1-0: Ball 2-0: Foul Ball, location: 2F 2-1: Reached on error, E6 (Groundball, 6, EV 107.5 MPH)
|
Pinch Hitting: LHB Eddie Vidalez
|
0-0: Fly out, F6 (Popup, 6D, EV 47.5 MPH)
|
Top of the 9th over - 0 runs, 0 hits, 1 error, 1 left on base; University of Virginia 9 - California State University at Fullerton 1 |
BOTTOM OF THE 9TH |
California State University at Fullerton Titans batting - Pitching for University of Virginia Cavaliers : RHP Tzu-jao Chen
|
Pitching: RHP Ruud van der Meulen
|
|
Now at 1B: Dustin Medford
|
|
Now at 3B: Jeremy Weber
|
|
Now in RF: Eddie Vidalez
|
|
Pinch Hitting: LHB Alberto Aguilar
|
0-0: Called Strike 0-1: Foul Ball, location: 2F 0-2: Hit by Pitch
|
Pinch Hitting: LHB John Blumberg
|
0-0: Ball 1-0: Foul Ball, location: 2F 1-1: Swinging Strike 1-2: Strikes out swinging
|
Pinch Hitting: LHB Efrain Gonzalez
|
0-0: Fly out, F7 (Flyball, 7LS, EV 88.8 MPH)
|
Pinch Hitting: LHB B.J. Ferguson
|
0-0: Called Strike 0-1: Ball 1-1: Ball 2-1: Fly out, F9 (Flyball, 9, EV 92.5 MPH)
|
Bottom of the 9th over - 0 runs, 0 hits, 0 errors, 1 left on base; University of Virginia 9 - California State University at Fullerton 1 |
|